 Dungeon Crawl Stone Soup version 0.30-b1-2-g02819fbbbe (webtiles) character file.

Game seed: 2184384266741942488

203 Dirian the Covered (level 5, -1/47 HPs)
             Began as a Minotaur Fighter on May 7, 2023.
             Was an Initiate of the Shining One.
             Slain by an ogre
             ... wielding a +0 giant club
              (11 damage)
             ... on level 4 of the Dungeon.
             The game lasted 00:03:18 (2330 turns).

Dirian the Covered (Minotaur Fighter)               Turns: 2330, Time: 00:03:19

Health: -1/47      AC: 13    Str: 22    XL:     5   Next: 51%
Magic:  4/4        EV:  9    Int:  5    God:    the Shining One [......]
Gold:   101        SH:  4    Dex: 10    Spells: 4/4 levels left

rFire   . . .        a - +0 long sword
rCold   . . .        c - +0 buckler
rNeg    . . .        b - +0 scale mail
rPois   .            (helmet restricted)
rElec   .            m - +2 cloak
rCorr   .            f - +2 pair of gloves
SInv    .            (no boots)
Will    .....        (no amulet) Stlth
                     (no ring)
HPRegen 0.27/turn    (no ring)
MPRegen 0.09/turn

%: no passive effects
@: glowing
A: horns 2, retaliatory headbutt
a: Renounce Religion


You were on level 4 of the Dungeon.
You worshipped the Shining One.
The Shining One was noncommittal.
You visited 1 branch of the dungeon, and saw 4 of its levels.

You collected 101 gold pieces.

Inventory:

Hand Weapons
 a - a +0 long sword (weapon)
 n - a +0 morningstar
Armour
 b - a +0 scale mail (worn)
 c - a +0 buckler (worn)
 f - a +2 pair of gloves (worn)
 m - a +2 cloak (worn)
Scrolls
 e - a scroll of fear {unknown}
 g - 2 scrolls of poison {unknown}
 h - a scroll of vulnerability {unknown}
 i - a scroll of magic mapping {unknown}
 j - a scroll of immolation {unknown}
 l - a scroll of blinking {unknown}
 p - a scroll of amnesia {unknown}
 t - a scroll of fog {unknown}
Potions
 d - a potion of resistance {unknown}
 k - 2 potions of brilliance {unknown}
 o - a potion of heal wounds {unknown}
 q - a potion of haste {unknown}
 r - a potion of lignification {unknown}
 s - 2 potions of berserk rage {unknown}


   Skills:
 + Level 4.7 Fighting
 + Level 4.7 Long Blades
 - Level 5.0 Armour
 + Level 4.4 Shields


You had 4 spell levels left.
You didn't know any spells.
Your spell library contained the following spells:

 Spells                   Type           Power      Damage    Failure   Level
 Sublimation of Blood     Necr           0%         N/A       94%         2
 Wereblood                Tmut           0%         N/A       94%         2
 Dazzling Flash           Conj/Hex       0%         N/A       99%         3
 Volatile Blastmotes      Fire/Tloc      0%         2d10      99%         3
 Iskenderun's Mystic Bla  Conj/Tloc      0%         2d3       100%        4
 Starburst                Conj/Fire      0%         6d3       100%        6
 Summon Hydra             Summ           0%         N/A       100%        7


Dungeon Overview and Level Annotations

Branches:
Dungeon (4/15) Zot: 21630
 Temple: D:4-7

Altars:
Makhleb
Qazlal
The Shining One


Innate Abilities, Weirdness & Mutations

You have a pair of horns on your head.
You reflexively headbutt those who attack you in melee.


Message History

The iguana is moderately wounded.
The iguana barely misses you.
You hit the iguana but do no damage. Your headbutt misses the iguana.
The iguana is moderately wounded.
The iguana closely misses you. You furiously retaliate!
You headbutt the iguana!
You kill the iguana!
Training target 5.0 for Armour reached!
Your Armour skill increases to level 5!
HP restored.
Found an escape hatch in the ceiling.
An ogre comes into view. It is wielding a +0 giant club.
Found a plate armour.
An ogre is nearby!
An ogre is nearby!
You hit the ogre. You headbutt the ogre.
The ogre is moderately wounded.
The ogre misses you.
You hit the ogre.
The ogre is moderately wounded.
The ogre closely misses you.
You hit the ogre but do no damage. You headbutt the ogre.
The ogre is heavily wounded.
You hit the ogre. Your headbutt misses the ogre.
The ogre is heavily wounded.
The ogre hits you with a +0 giant club!!
You barely miss the ogre.
The ogre is heavily wounded.
The ogre hits you with a +0 giant club!!
* * * LOW HITPOINT WARNING * * *
You closely miss the ogre.
The ogre is heavily wounded.
The ogre hits you with a +0 giant club! The Shining One protects you from harm!
The ogre attacks as you move away! The ogre closely misses you.
You furiously retaliate!
You headbutt the ogre. You hit the ogre. You headbutt the ogre!
The ogre is almost dead.
The ogre hits you with a +0 giant club!
You die...

#.....# #.... #.....#
#.... #.(...# #....
#.....##############....
#.....'.......##...#....
#.....###...#.##.#.###.#
#.....# #...#.##.#......
#.....###...#.##.#####.#
#......@......##.# #.#
########....O....####.#
#.#
.........#..#....####.#
#.#
.######.##..#.........#
#<# #.#...#..########
#.# #.###.#........# #.#
#........†####.# #
#####.##..# # #.##..# .
.


You could see an ogre.

Vanquished Creatures
  A black bear (D:3)
  An iguana (D:4)
  4 adders (D:3)
  A worm (D:2)
  2 dart slugs
  An orc (D:3)
  4 bats
  2 endoplasms
  4 goblins
  4 hobgoblins
  3 jackals (D:1)
  2 quokkas (D:2)
  5 ball pythons
  A frilled lizard (D:3)
  4 kobolds
  6 rats
45 creatures vanquished.

Notes
Turn   | Place    | Note
-------+----------+-------------------------------------------
     0 | D:1      | Dirian the Minotaur Fighter began the quest for the Orb.
     0 | D:1      | Reached XP level 1. HP: 19/19 MP: 0/0
   189 | D:1      | Reached XP level 2. HP: 24/27 MP: 1/1
   291 | D:1      | Reached skill level 4 in Armour
   814 | D:2      | Reached XP level 3. HP: 33/33 MP: 2/2
  1487 | D:3      | Found a stormy altar of Qazlal.
  1565 | D:3      | Noticed a black bear
  1582 | D:3      | Killed a black bear
  1583 | D:3      | Reached XP level 4. HP: 28/41 MP: 3/3
  1584 | D:3      | Reached XP level 5. HP: 29/47 MP: 4/4
  1832 | D:3      | Found a glowing golden altar of the Shining One.
  1997 | D:3      | Found a burning altar of Makhleb.
  2057 | D:3      | Became a worshipper of the Shining One
  2224 | D:4      | Reached skill level 5 in Armour
  2307 | D:4      | Noticed an ogre
  2326 | D:4      | The Shining One protects you from harm!
  2330 | D:4      | Slain by an ogre

Illustrated notes

Levels and vault maps discovered:
D:1:      wander_arrival_desolate, layout_basic
D:2:      layout_loops_ring, kennysheep_generic_room_12
D:3:      layout_basic, mainiacjoe_overflow_24_doors, general_overflow_altar,
          nicolae_overflow_crystal_walls
D:4:      cheibrodos_helix_gallery, layout_basic, lemuel_round_altar,
          minmay_between, uniq_eustachio

Skill      XL: |  1  2  3  4  5 |
---------------+----------------+-----
Armour         | 4 5 |  5.0
Fighting       | 4 |  4.7
Shields        | 4 |  4.4
Long Blades    | 4 |  4.7

Action                     |  1- 3 |  4- 6 || total
---------------------------+-------+-------++-------
  Melee: Long sword        |    97 |    53 ||   150
         Headbutt          |    10 |     5 ||    15
    Use: Potion            |     1 |       ||     1
 Armour: Scale mail        |    81 |    20 ||   101
  Dodge: Dodged            |    61 |    21 ||    82
  Block: Buckler           |    22 |     8 ||    30
